 Dungeon Crawl Stone Soup version 0.28-a0-802-g09f76e8c00 (webtiles) character file.

Game seed: 4189158390715731473

35 nicknak712 the Skirmisher (level 3, -4/29 HPs)
             Began as a Demonspawn Berserker on Nov 6, 2021.
             Was a Follower of Trog.
             Slain by Terence (5 damage)
             ... on level 2 of the Dungeon.
             The game lasted 00:06:19 (1740 turns).

nicknak712 the Skirmisher (Demonspawn Berserker)    Turns: 1740, Time: 00:06:20

Health: -4/29      AC:  3    Str: 18    XL:     3   Next: 16%
Magic:  3/3        EV: 12    Int:  8    God:    Trog [*.....]
Gold:   75         SH:  0    Dex: 12    Spells: 2/2 levels left

rFire   . . .      SeeInvis .   d - +2 short sword (venom)
rCold   . . .      Faith    .   (no shield)
rNeg    . . .      Spirit   .   i - +0 leather armour
rPois   .          Reflect  .   (no helmet)
rElec   .          Harm     .   (no cloak)
rCorr   .          Rampage  .   (no gloves)
Will    .....                   (no boots)
Stlth   +.........              (no amulet)
HPRegen 0.09/turn               (no ring)
MPRegen 0.08/turn               (no ring)

@: no status effects
A: powered by pain 1, demonic touch 1
a: Renounce Religion, Berserk


You were on level 2 of the Dungeon.
You worshipped Trog.
Trog was aware of your devotion.
You visited 1 branch of the dungeon, and saw 2 of its levels.

You collected 75 gold pieces.

Inventory:

Hand Weapons
 a - a +0 hand axe
 d - a +2 short sword of venom (weapon)
 h - a +1 hand axe of electrocution
Missiles
 c - 2 curare-tipped darts (quivered)
 o - 15 poisoned darts
Armour
 b - a +0 animal skin
 i - a +0 leather armour (worn)
Scrolls
 e - a scroll of teleportation {unknown}
 f - a scroll of torment {unknown}
 j - 2 scrolls of identify {unknown}
 l - a scroll of enchant weapon {unknown}
Potions
 k - a potion of degeneration {unknown}
 m - a potion of curing {unknown}
 n - a potion of heal wounds {unknown}


   Skills:
 + Level 3.3 Fighting
 + Level 3.1 Axes
 + Level 2.1 Armour
 + Level 2.1 Dodging
 * Level 0.4 Unarmed Combat


You had 2 spell levels left.
You didn't know any spells.
Your spell library was empty.

Dungeon Overview and Level Annotations

Branches:
Dungeon (2/15)

Altars:
Vehumet

Annotations:
D:2 Terence


Innate Abilities, Weirdness & Mutations

You sometimes gain a little power by taking damage.
Your touch may inflict minor irresistible damage on your foes.


Message History

Trog accepts your kill.
You see here a ball python corpse.
Found a mace.
n - a puce potion
Found a scroll labelled SOODUG TESEFU.
Found 15 poisoned darts.
Found a stone staircase leading up.
You see here a +0 mace.
Found an escape hatch in the floor.
j - 2 scrolls labelled SOODUG TESEFU (gained 1)
Found a stone staircase leading down.
You see here 15 poisoned darts.
o - 15 poisoned darts Terence the Incautious comes into view.
He is wielding a +0 flail.
Terence shouts!
Found an escape hatch in the ceiling.
Terence hits you with a +0 flail.
You hit Terence but do no damage. Terence barely misses you.
You closely miss Terence. Terence barely misses you.
You hit Terence.
Terence is lightly wounded.
Terence hits you with a +0 flail!
You hit Terence but do no damage.
Terence is lightly wounded.
Terence hits you with a +0 flail!
* * * LOW HITPOINT WARNING * * *
You focus on the pain.
You feel very mighty all of a sudden.
Your +2 short sword of venom begins to drip with poison!
d - a +2 short sword of venom (weapon)
Terence barely misses you.
You hit Terence.
Terence is poisoned.
Terence is moderately wounded.
Terence hits you with a +0 flail.
* * * LOW HITPOINT WARNING * * *
It was a potion of cancellation.
Your magical effects are unravelling.
You feel magically purged.
You feel a little less mighty now. Terence hits you with a +0 flail.
You die...

.. ##### #..
##.... ...
#.....##.#
<......#.#
.......#.#######
......@#.......#
.......@....>..#
##...#.#.......#
## #.#.......#
.#........#
##.#.......#
###...<...# .#
#.......# .#
#.##.##># .
##.##..#.#


You could see Terence (very poisoned).

Vanquished Creatures
  An adder (D:2)
  A worm (D:2)
  A dart slug (D:1)
  2 endoplasms (D:1)
  A giant cockroach (D:1)
  2 hobgoblins
  4 jackals (D:1)
  4 ball pythons
  A bat (D:1)
  2 kobolds (D:1)
  A rat (D:1)
20 creatures vanquished.

Notes
Turn   | Place    | Note
-------+----------+-------------------------------------------
     0 | D:1      | nicknak712 the Demonspawn Berserker began the quest for the
                  | Orb.
     0 | D:1      | Reached XP level 1. HP: 18/18 MP: 1/1
   866 | D:1      | Gained mutation: Your touch may inflict minor irresistible
                  | damage on your foes. [demonic ancestry]
   866 | D:1      | Reached XP level 2. HP: 24/24 MP: 2/2
  1144 | D:1      | Found a faded altar of an unknown god.
  1389 | D:2      | Found a radiant altar of Vehumet.
  1401 | D:2      | Gained mutation: You sometimes gain a little power by
                  | taking damage. [demonic ancestry]
  1401 | D:2      | Reached XP level 3. HP: 26/29 MP: 3/3
  1730 | D:2      | Noticed Terence
  1739 | D:2      | HP: 1/29 [Terence (4)]
  1740 | D:2      | Slain by Terence

Illustrated notes

Levels and vault maps discovered:
D:1:      dpeg_arrival_court, layout_loops_ring,
          hellmonk_ecumenical_altar_slurped_away
D:2:      layout_loops_cross, basic_altar, uniq_natasha, uniq_terence,
          uniq_jessica

Skill      XL: |  1  2 |
---------------+-------+-----
Axes           | 3 |  3.1
Armour         | 2 |  2.1
Dodging        | 2 |  2.1
Fighting       | |  3.3
Unarmed Combat | |  0.4

Action                   || total
-------------------------++-------
Melee: Hand axe          ||    24
       Unarmed           ||    26
       Touch             ||     7
       Short sword       ||     1
Invok: Berserk           ||     1
  Use: Potion            ||     1
Armor: Animal skin       ||     2
       Leather armour    ||     3
Dodge: Dodged            ||    29

Table legend: (Time is in decaauts)
 A = Elapsed time spent in this place.
 B = Non-inter-level travel time spent in this place.
 C = Inter-level travel time spent in this place.
 D = Time resting spent in this place.
 E = Time spent auto-exploring this place.
 F = Levels seen in this place.
 G = Mean time per level.
                   A        B        C        D        E       F      G
               +--------+--------+--------+--------+--------+-----+--------+
         Total |   1753 |   1702 |     51 |    759 |    622 |   2 |  876.5 |
       Dungeon |   1753 |   1702 |     51 |    759 |    622 |   2 |  876.5 |
               +--------+--------+--------+--------+--------+-----+--------+

Top non-repeatable levels by time:
     D:1: 1391 daAuts
     D:2: 361 daAuts
